 Dungeon Crawl Stone Soup version 0.26-a0-639-g72c4674329 (webtiles) character file.

Game seed: 13868929546427454470

(classic levelgen) 1055 EnegeticOcto the Chopper (level 8, -1/73 HPs)
             Began as a Deep Dwarf Fighter on Sept 23, 2020.
             Slain by Maggie
             ... wielding a +1 glaive of draining
              (13 damage)
             ... on level 6 of the Dungeon.
             The game lasted 00:02:11 (3829 turns).

EnegeticOcto the Chopper (Deep Dwarf Fighter)       Turns: 3829, Time: 00:02:12

Health: -1/73      AC: 12    Str: 21    XL:     8   Next: 5%
Magic:  6/6        EV:  3    Int: 10    God:
Gold:   285        SH: 10    Dex: 12    Spells: 7/7 levels left

rFire    . . .     SeeInvis .   a - +0 war axe
rCold    . . .     Faith    .   c - +1 kite shield
rNeg     . . .     Spirit   .   j - +0 plate armour
rPois    .         Reflect  .   (no helmet)
rElec    .         Harm     .   p - +0 cloak
rCorr    .         Rampage  .   (no gloves)
MR       +....                  (no boots)
Stlth    ..........             (no amulet)
HPRegen  0.00/turn              (no ring)
MPRegen  0.10/turn              (no ring)

@: mesmerised, non-regenerating, heavily drained
A: damage resistance, heal wounds, sense surroundings 1, no regeneration
a: Heal Wounds


You were on level 6 of the Dungeon.
You visited 2 branches of the dungeon, and saw 7 of its levels.

You collected 285 gold pieces.

Inventory:

Hand Weapons
 a - a +0 war axe (weapon)
Armour
 b - a +0 scale mail
 c - a +1 kite shield (worn)
 j - a +0 plate armour (worn)
 p - a +0 cloak (worn)
Jewellery
 w - an uncursed ring of ice {unknown}
Scrolls
 e - 8 scrolls of identify {unknown}
 g - 6 scrolls of teleportation {unknown}
 h - 3 scrolls of enchant weapon {unknown}
 o - 3 scrolls of remove curse {@r2}
Potions
 d - a potion of might {@q3}
 f - 4 potions of curing {unknown}
 l - a potion of magic {unknown}
 n - 2 potions of mutation {unknown}
 q - 2 potions of stabbing {unknown}
 s - a potion of heal wounds {unknown}
 t - a potion of haste {unknown}
 z - a potion of flight {unknown}


   Skills:
 + Level 4.6(1.8) Fighting
 * Level 6.8(3.9) Axes
 + Level 5.7(2.8) Armour
 + Level 5.6(2.7) Shields


You had 7 spell levels left.
You didn't know any spells.
Your spell library was empty.

Dungeon Overview and Level Annotations

Branches:
Dungeon (6/15)             Temple (1/1) D:5

Altars:
Ashenzari
Cheibriados
Dithmenos
Fedhas
Gozag
Hepliaklqana
Nemelex Xobeh
Okawaru
Ru
Sif Muna
Trog
Uskayaw
Vehumet
Xom
Yredelemnul
Zin
The Shining One

Annotations:
D:6 Maggie


Innate Abilities, Weirdness & Mutations

You are resistant to damage.
You can heal yourself by infusing magical energy.
You passively map a small area around you.
You do not regenerate.


Message History

As you read the scroll labeled CIVUIJ TYMATUN, it crumbles to dust.
The air around you briefly surges with heat, but it dissipates.
It was a scroll of immolation.
As you read the scroll labeled DOUSERPHAIPT, it crumbles to dust.
A profound silence engulfs you.
It was a scroll of silence.
Okay, then.
You start waiting.
Your hearing returns.
As you read the scroll labeled VOCSODYQEWN, it crumbles to dust.
You hear a loud clanging noise!
It was a scroll of noise.
As you read the scroll labeled WOIDYANEEK, it crumbles to dust.
It is a scroll of enchant armour.
Your +0 kite shield glows green for a moment.
As you read the scroll labeled EKELOIH CAKAV, it crumbles to dust.
The scroll dissolves into smoke.
It was a scroll of fog.
As you read the scroll labeled ONERUI XAWO, it crumbles to dust.
You assume a fearsome visage.
Nothing appears to happen.
It was a scroll of fear.
As you read the scroll labeled KYRYSI ZUXYH, it crumbles to dust.
The dust glows shining dun!
It was a scroll of random uselessness.
Found 19 bolts.
As you read the scroll labeled QYMOSCH BOXT, it crumbles to dust.
You feel blessed for a moment.
It was a scroll of remove curse.
Maggie the Vainglorious comes into view.
She is wielding a +1 glaive of draining.
As you read the scroll labeled YNAGGACOST, it crumbles to dust.
It is a scroll of amnesia.
You feel forgetful for a moment.
Maggie hits you from afar with a +1 glaive of draining!
You feel drained.
Unknown command.
Maggie hits you but does no damage.
You feel drained.
You feel much better. Maggie hits you but does no damage.
You feel drained.
You hit Maggie but do no damage. Maggie barely misses you.
You hit Maggie.
Maggie is lightly wounded.
You block Maggie's attack.
Your shield prevents you from hitting Maggie.
Maggie is lightly wounded.
Maggie hits you but does no damage.
You feel drained.
Your plate armour prevents you from hitting Maggie.
Maggie is lightly wounded.
Maggie hits you with a +1 glaive of draining!
You feel drained.
You hit Maggie but do no damage.
Maggie is lightly wounded.
Maggie hits you with a +1 glaive of draining!
You feel drained.
Your shield prevents you from hitting Maggie.
Maggie is lightly wounded.
You hear the slow hiss of a very distant avalanche of sand.
Maggie barely misses you.
You closely miss Maggie.
Maggie is lightly wounded.
Maggie barely misses you.
You hit Maggie but do no damage.
Maggie is lightly wounded.
Maggie hits you with a +1 glaive of draining!
You feel drained.
You hit Maggie.
Maggie is lightly wounded.
You block Maggie's attack.
You barely miss Maggie.
Maggie is lightly wounded.
Maggie hits you with a +1 glaive of draining.
You feel drained.
You slash Maggie!
Maggie is moderately wounded.
Maggie hits you with a +1 glaive of draining.
You feel drained.
You hit Maggie.
Maggie is moderately wounded.
Maggie casts a spell.
Maggie attempts to bespell you!
You are mesmerised by Maggie!
You closely miss Maggie.
Maggie is moderately wounded.
Maggie hits you with a +1 glaive of draining.
You feel drained.
You hit Maggie but do no damage.
Maggie is moderately wounded.
Maggie barely misses you.
You slash Maggie!
Maggie is heavily wounded.
Maggie points at you and mumbles some strange words.
The bolt of fire hits you!!
* * * LOW HITPOINT WARNING * * *
Maggie points at you and mumbles some strange words.
The bolt of fire hits you!
* * * LOW HITPOINT WARNING * * *
You are too injured to fight recklessly!
You are too injured to fight recklessly!
You are too injured to fight recklessly!
You are too injured to fight recklessly!
You are too injured to fight recklessly!
You are too injured to fight recklessly!
You are too injured to fight recklessly!
You fail to use your ability.
Maggie hits you with a +1 glaive of draining!
You die...

, , * ....
#.., .. * ,
,, .... #.#
##.* , ...(.
..# .. 8 ,
..... ..#..
, , ,
......#.#.
,, *
,,......#$.,
, ,
**......@.#
, ,
#######@#
........# ,
, , ,
#######.###
, ,, ,
,,,#§§§...§.
,, * *
####.#.§# ,
, §..#..# ,
* , ,
*####..# ,
,* ..# , , *
, *..# *


You could see Maggie (mesmerising).

Vanquished Creatures
  Sigmund (D:3)
  Menkaure (D:5)
  An ice beast (D:5)
  A centaur (D:5)
  A scorpion (D:4)
  A howler monkey (D:5)
  Crazy Yiuf (D:4)
  A bullfrog zombie (D:3)
  An orc wizard (D:3)
  4 iguanas
  2 worker ants
  8 gnolls (D:5)
  7 adders
  A white imp (D:5)
  An ooze (D:1)
  5 worms
  5 dart slugs
  4 leopard geckos
  9 orcs
  6 giant cockroaches
  2 gnoll zombies (D:5)
  9 goblins
  7 hobgoblins
  3 jackals (D:3)
  2 quokkas
  2 ball pythons
  7 bats
  2 frilled lizards
  4 kobolds
  7 rats
106 creatures vanquished.

Notes
Turn   | Place    | Note
-------+----------+-------------------------------------------
     0 | D:1      | EnegeticOcto the Deep Dwarf Fighter began the quest for the
                  | Orb.
     0 | D:1      | Reached XP level 1. HP: 20/20 MP: 1/1
    63 | D:1      | Reached XP level 2. HP: 27/27 MP: 2/2
    88 | D:2      | Found a radiant altar of Vehumet.
   334 | D:3      | Reached skill level 3 in Axes
   339 | D:3      | Reached XP level 3. HP: 17/33 MP: 3/3
   480 | D:3      | Noticed Sigmund
   493 | D:3      | Killed Sigmund
   493 | D:3      | Reached skill level 4 in Axes
   493 | D:3      | Reached XP level 4. HP: 37/42 MP: 4/4
   493 | D:3      | Reached XP level 5. HP: 44/49 MP: 5/5
   553 | D:4      | Reached XP level 6. HP: 43/56 MP: 6/6
   739 | D:4      | Reached skill level 5 in Axes
  1231 | D:4      | Found a runed translucent door.
  1232 | D:4      | Noticed Crazy Yiuf
  1446 | D:4      | Found a bloodstained altar of Trog.
  1600 | D:4      | Killed Crazy Yiuf
  1632 | D:5      | Entered Level 5 of the Dungeon
  1649 | D:5      | Reached skill level 5 in Armour
  1649 | D:5      | Reached XP level 7. HP: 41/64 MP: 6/6
  1654 | D:5      | Reached skill level 5 in Shields
  1672 | D:5      | Reached skill level 6 in Axes
  1682 | D:5      | Found a staircase to the Ecumenical Temple.
  1691 | Temple   | Entered the Ecumenical Temple
  1864 | D:3      | Found a shimmering altar of Xom.
  1950 | D:3      | Found a shattered altar of Ashenzari.
  1951 | D:3      | Found a glowing golden altar of the Shining One.
  2489 | D:2      | Found a shimmering blue altar of Sif Muna.
  3213 | D:5      | Noticed Menkaure
  3223 | D:5      | Killed Menkaure
  3223 | D:5      | Reached XP level 8. HP: 53/73 MP: 6/6
  3578 | D:5      | Found a basalt altar of Yredelemnul.
  3810 | D:6      | Noticed Maggie
  3829 | D:6      | Slain by Maggie

Illustrated notes

Levels and vault maps discovered:
D:1:      saegor_arrival_miasma, layout_loops_ring
D:2:      minmay_inner_zag, layout_basic, vehumet_crystals,
          lemuel_coloured_pillars_altar, lemuel_another_geyser
D:3:      layout_basic, grunt_temple_overflow_open, xom_butterflies,
          minmay_misc_feat_roman, uniq_sigmund
D:4:      layout_basic, lemuel_doored_altar, uniq_crazy_yiuf_cottage
D:5:      layout_cave_pools, lemuel_zombie_altar_yredelemnul,
          minmay_temple_entry_grid, uniq_menkaure
D:6:      layout_basic, elyvilon_altar_5, old_standard_altar,
          gammafunk_ghost_arena, enter_ossuary_4, minmay_misc_feat_enclosed,
          uniq_maggie
Temple:   compressed_dpeg_circular_temple

Skill      XL: |  1  2  3  4  5  6  7 |
---------------+----------------------+-----
Axes           | 3 4 5 6 |  6.8
Fighting       | 3 4 |  4.6
Armour         | 4 5 |  5.7
Shields        | 4 5 |  5.6

Action                   |  1- 3 |  4- 6 |  7- 9 || total
-------------------------+-------+-------+-------++-------
Melee: War axe           |    91 |   108 |   167 ||   366
 Abil: Heal Wounds       |     1 |     2 |     4 ||     7
  Use: Scroll            |       |       |     9 ||     9
Armor: Scale mail        |    33 |       |       ||    33
       Plate armour      |     9 |    73 |   104 ||   186
Dodge: Dodged            |    30 |    21 |    26 ||    77
Block: Kite shield       |    44 |    65 |    91 ||   200

Table legend: (Time is in decaauts)
 A = Elapsed time spent in this place.
 B = Non-inter-level travel time spent in this place.
 C = Inter-level travel time spent in this place.
 D = Time resting spent in this place.
 E = Time spent auto-exploring this place.
 F = Levels seen in this place.
 G = Mean time per level.
                   A        B        C        D        E       F      G
               +--------+--------+--------+--------+--------+-----+--------+
         Total |   3950 |   3594 |    356 |     25 |   2760 |   7 |  564.3 |
       Dungeon |   3862 |   3516 |    346 |     25 |   2683 |   6 |  643.7 |
        Temple |     88 |     78 |     10 |      0 |     77 |   1 |   88.0 |
               +--------+--------+--------+--------+--------+-----+--------+

Top non-repeatable levels by time:
     D:4: 1188 daAuts
     D:2: 695 daAuts
     D:5: 663 daAuts
     D:3: 626 daAuts
     D:1: 625 daAuts
  Temple: 88 daAuts
     D:6: 62 daAuts
